 Dungeon Crawl Stone Soup version 0.29-a0-330-g52719c12eb (webtiles) character file.

Game seed: 12384734442515758607

8476 Aelig the Slicer (level 11, -4/85 HPs)
             Began as a Kobold Brigand on Apr 25, 2022.
             Was a Believer of Kikubaaqudgha.
             Slain by a six-headed hydra (7 damage)
             ... on level 1 of the Lair of Beasts.
             The game lasted 00:47:24 (14291 turns).

Aelig the Slicer (Kobold Brigand)                  Turns: 14291, Time: 00:47:24

Health: -4/85      AC: 25    Str:  9    XL:     11   Next: 56%
Magic:  11/11      EV:  3    Int: 14    God:    Kikubaaqudgha [**....]
Gold:   635        SH:  5    Dex: 19    Spells: 9/10 levels left

rFire   + . .      SeeInvis .   b - +7 rapier of the Inviting Firefly {pain, rElec rF+}
rCold   . . .      Faith    .   (no shield)
rNeg    . . .      Spirit   .   (body armour currently unavailable)
rPois   +          Reflect  +   (helmet currently unavailable)
rElec   +          Harm     .   (cloak currently unavailable)
rCorr   .          Rampage  .   (gloves currently unavailable)
Will    .....      NoTele   +   (boots currently unavailable)
Stlth   ++++......              I - amulet of reflection
HPRegen 0.24/turn               K - +4 ring of evasion
MPRegen 0.12/turn               L - +4 ring of slaying

@: mighty, tree-form, marked
A: stationary, stasis, torment immunity, boosted hp, small, no large weapons,
nightstalker 3
a: Renounce Religion, Receive Corpses


You were on level 1 of the Lair of Beasts.
You worshipped Kikubaaqudgha.
Kikubaaqudgha was pleased with you.
You were a tree.
You visited 3 branches of the dungeon, and saw 12 of its levels.
You also visited: Ossuary.

You collected 765 gold pieces.
You spent 130 gold pieces at shops.

Inventory:

Hand Weapons
 a - a +3 dagger
 b - the +7 rapier of the Inviting Firefly (weapon) {pain, rElec rF+}
   (You found it on level 5 of the Dungeon)

   In the hands of one skilled in necromantic magic, it inflicts extra damage on
   living creatures.
   rF:        It protects you from fire.
   rElec:     It insulates you from electricity.
Missiles
 d - 29 poisoned darts
 e - 4 curare-tipped darts
 h - 315 stones (quivered)
 p - 2 throwing nets
Armour
 k - a +0 helmet (melded)
 m - a +0 pair of boots (melded)
 r - a +0 pair of gloves (melded)
 v - a +2 cloak (melded)
 Q - +0 swamp dragon scales (melded)
Jewellery
 i - a ring of flight
 H - a ring of fire
 I - an amulet of reflection (around neck)
 K - a +4 ring of evasion (left branch)
 L - a +4 ring of slaying (right branch)
 M - a +4 ring of protection
 R - a +4 ring of protection
Wands
 y - a wand of charming (10)
 F - a wand of iceblast (4)
Scrolls
 c - 3 scrolls of enchant armour
 f - 3 scrolls of vulnerability
 s - 7 scrolls of immolation
 B - a scroll of magic mapping {unknown}
 C - a scroll of acquirement {unknown}
 D - a scroll of amnesia {unknown}
 G - 2 scrolls of teleportation
 J - a scroll of brand weapon {unknown}
 N - 3 scrolls of enchant weapon
 P - a scroll of fear {unknown}
 S - a scroll of identify
Potions
 g - a potion of might
 j - 3 potions of resistance
 n - 2 potions of lignification
 o - 2 potions of ambrosia {unknown}
 t - a potion of degeneration {unknown}
 u - 4 potions of attraction
 w - a potion of mutation {unknown}
 x - 2 potions of flight {unknown}
 z - 7 potions of curing
 A - 3 potions of brilliance
 E - a potion of magic {unknown}
 O - 2 potions of cancellation {unknown}
Miscellaneous
 l - a phantom mirror


   Skills:
 - Level 2.1 Fighting
 - Level 14.0 Short Blades
 + Level 11.9 Throwing
 - Level 1.2 Dodging
 - Level 5.3 Stealth
 + Level 6.8 Necromancy
 + Level 5.6 Evocations


You had 9 spell levels left.
You knew the following spells:

 Your Spells              Type           Power      Damage    Failure   Level
a - Animate Skeleton      Necr           38%        N/A       1%          1

Your spell library contained the following spells:

 Spells                   Type           Power      Damage    Failure   Level
 Pain                     Necr           76%        1d7       1%          1
 Sublimation of Blood     Necr           19%        N/A       2%          2
 Vampiric Draining        Necr           19%        2d7       5%          3
 Dispel Undead            Necr           19%        3d11      19%         4
 Apportation              Tloc           0%         N/A       28%         1
 Magic Dart               Conj           0%         1d3       28%         1
 Shock                    Conj/Air       0%         1d3       28%         1
 Summon Small Mammal      Summ           0%         N/A       28%         1
 Ensorcelled Hibernation  Hex/Ice        0%         N/A       41%         2
 Scorch                   Fire           0%         2d5       41%         2
 Searing Ray              Conj           0%         2d4       41%         2
 Static Discharge         Conj/Air       0%         N/A       41%         2
 Excruciating Wounds      Necr           9%         N/A       45%         5
 Anguish                  Hex/Necr       4%         N/A       58%         4
 Portal Projectile        Hex/Tloc       0%         N/A       65%         3
 Spider Form              Tmut/Pois      0%         N/A       65%         3
 Swiftness                Air            0%         N/A       65%         3
 Airstrike                Air            0%         N/A       96%         4
 Flame Wave               Conj/Fire      0%         2d4       96%         4
 Fulminant Prism          Conj/Hex       0%         3d6       96%         4
 Sticky Flame             Conj/Fire      0%         2d3       96%         4
 Blade Hands              Tmut           0%         N/A       100%        5
 Summon Cactus Giant      Summ           0%         N/A       100%        6


Dungeon Overview and Level Annotations

Branches:
Dungeon (10/15)            Temple (1/1) D:6            Lair (1/6) D:9
Ossuary (visited)
    Orc: D:9-12

Altars:
Ashenzari
Cheibriados
Dithmenos
Elyvilon
Fedhas
Gozag
Hepliaklqana
Kikubaaqudgha
Makhleb
Nemelex Xobeh
Okawaru
Qazlal
Ru
Sif Muna
Trog
Uskayaw
Vehumet
Wu Jian
Xom
Yredelemnul
Zin
The Shining One

Shops:
D:1 *[!*:   D:2 =   D:4 *(

Annotations:
D:6 2 runed translucent doors, surr's ghost, novice OpFE
D:7 exclusions: centaur, downstairs and hornet
Lair:1 exclusion: hydra


Innate Abilities, Weirdness & Mutations

You are a tree.
Your roots penetrate the ground, keeping you stationary.
You cannot be teleported.
You are immune to unholy pain and torment.
Your maximum health is greatly increased.
Your equipment is partially melded.
You are small and have problems with some larger weapons.
You are completely attuned to the shadows.


Message History

You turn into a tree.
Your +2 cloak melds into your body.
Your +0 helmet melds into your body.
Your +0 pair of gloves melds into your body.
Your +0 pair of boots melds into your body.
Your +0 swamp dragon scales melds into your body.
Your roots penetrate the ground.
A wolf comes into view.
The komodo dragon bites you!
The komodo dragon bites you but does no damage.
The six-headed hydra bites you.
The six-headed hydra bites you but does no damage. x5
A yak comes into view. x3
You feel very mighty all of a sudden.
The water moccasin bites you but does no damage.
The komodo dragon bites you!! You block the komodo dragon's attack.
The six-headed hydra bites you.
The six-headed hydra bites you but does no damage.
The six-headed hydra bites you!
The six-headed hydra bites you but does no damage. x3
The water moccasin bites you but does no damage.
You puncture the six-headed hydra!
The six-headed hydra writhes in agony.
The six-headed hydra is moderately wounded.
The komodo dragon bites you!!
* * * LOW HITPOINT WARNING * * *
The six-headed hydra bites you but does no damage. x2
The six-headed hydra completely misses you.
The six-headed hydra bites you but does no damage. x2
The six-headed hydra bites you.
* * * LOW HITPOINT WARNING * * *
The komodo dragon bites you but does no damage.
The water moccasin barely misses you.
You feel better.
A yak comes into view.
The komodo dragon bites you but does no damage.
The water moccasin bites you but does no damage.
The six-headed hydra bites you.
* * * LOW HITPOINT WARNING * * *
The six-headed hydra bites you!
You die...
Kikubaaqudgha rasps: "You have failed me!
Welcome... death!"

#.......# #.......#
##.......# ######........#
.........h.Y.h#########
.........Y....P##.##P.####
........YYYh..............
.......YSlDY........[.....
........h♣................
.........l...............
................Z....Z...
#####P...................
##..........Z........
#.......###.#.#.#.##
#.......# ##########
#.......# #.......#


You could see a six-headed hydra, 2 komodo dragons, 7 yaks, a water moccasin and
4 wolves.

Vanquished Creatures
  A two-headed ogre (D:8)
  Maggie (D:9)
  A komodo dragon (Lair:1)
  A hornet (D:9)
  A wind drake (shapeshifter) (D:8)
  8 yaks
  4 wyverns
  A wraith (D:6)
  3 steam dragons
  7 water moccasins
  An orc warrior (D:9)
  A black bear (D:7)
  3 ogres
  4 centaurs
  A wolf (Lair:1)
  4 phantoms
  4 kobold brigands
  A gnoll sergeant (D:6)
  3 bullfrogs
  8 scorpions
  4 wights
  16 killer bees (D:8)
  3 orc priests
  4 hounds
  2 jellies
  3 orc wizards
  5 iguanas
  8 mummies (Ossuary)
  5 gnolls
  12 adders
  2 shadow imps
  4 white imps
  2 ufetubi
  A worm (D:2)
  3 dart slugs
  18 orcs
  7 endoplasms
  3 giant cockroaches
  2 gnoll zombies (Ossuary)
  8 hobgoblins
  3 jackals (D:3)
  26 kobolds
  6 quokkas
  11 ball pythons
  9 bats
  3 frilled lizards
  13 goblins
  2 hobgoblin zombies (Ossuary)
  2 kobold zombies (Ossuary)
  2 orc zombies (Ossuary)
  7 rats
254 creatures vanquished.

Vanquished Creatures (others)
  A fungus (Lair:1)
  30 plants
31 creatures vanquished.

Grand Total: 285 creatures vanquished

Notes
Turn   | Place    | Note
-------+----------+-------------------------------------------
     0 | D:1      | Aelig the Kobold Brigand began the quest for the Orb.
     0 | D:1      | Reached XP level 1. HP: 12/12 MP: 1/1
   105 | D:1      | Reached skill level 3 in Short Blades
   105 | D:1      | Reached XP level 2. HP: 17/17 MP: 2/2
   321 | D:1      | Found Ibreorpha's Assorted Antiques.
   333 | D:1      | Found Xiaqiwu's Antique Armour Emporium.
   395 | D:1      | Found Angox's Distillery.
   818 | D:1      | Found Vighyxi's Book Shoppe.
   830 | D:1      | Found Wiffes's General Store.
   948 | D:2      | Reached XP level 3. HP: 21/21 MP: 3/3
  1078 | D:2      | Reached XP level 4. HP: 19/26 MP: 4/4
  1456 | D:2      | Reached skill level 4 in Short Blades
  1749 | D:2      | Found Isabrate's Jewellery Boutique.
  1763 | D:2      | Reached XP level 5. HP: 29/30 MP: 5/5
  2127 | D:2      | Found a faded altar of an unknown god.
  2738 | D:3      | Reached skill level 5 in Throwing
  3082 | D:3      | Reached XP level 6. HP: 32/35 MP: 6/6
  3643 | D:4      | Reached skill level 5 in Short Blades
  4372 | D:4      | Found Rukh's Antique Weapon Emporium.
  4424 | D:4      | Found Sorasto's General Store.
  4755 | D:4      | Noticed an ogre
  5128 | D:4      | Reached XP level 7. HP: 40/40 MP: 7/7
  5251 | D:4      | Reached skill level 6 in Short Blades
  5547 | D:4      | Reached XP level 8. HP: 16/42 MP: 8/8
  6075 | D:5      | Entered Level 5 of the Dungeon
  6748 | D:5      | Noticed a wyvern
  6764 | D:5      | Killed a wyvern
  6765 | D:5      | Reached skill level 7 in Short Blades
  7162 | D:5      | Reached skill level 8 in Short Blades
  7347 | D:5      | Identified the +7 rapier of the Inviting Firefly {pain,
                  | rElec rF+}
  7360 | D:5      | Identified the +4 leather armour "Tonliant" {rC++ rCorr
                  | MP+9 Dex-4}
  7549 | D:5      | Reached XP level 9. HP: 43/48 MP: 9/9
  7551 | D:5      | Learned a level 1 spell: Animate Skeleton
  7656 | D:5      | Reached skill level 1 in Necromancy
  7661 | D:5      | Reached skill level 9 in Short Blades
  8012 | D:5      | Identified the +2 hunting sling "Ivosast" {speed, rPois
                  | rCorr Int+7 Dex-5}
  8099 | D:6      | Found a runed translucent door.
  8102 | D:6      | Noticed surr's ghost (novice OpFE)
  8204 | D:6      | Found a sand-covered staircase.
  8210 | Ossuary  | Entered an ossuary
  8659 | D:6      | Reached skill level 10 in Short Blades
  8659 | D:6      | Reached skill level 10 in Throwing
  9439 | D:6      | Found a staircase to the Ecumenical Temple.
  9477 | Temple   | Entered the Ecumenical Temple
  9778 | Temple   | Became a worshipper of Kikubaaqudgha
  9801 | D:6      | Reached skill level 11 in Short Blades
  9942 | D:1      | Bought a pair of gloves for 130 gold pieces
 10173 | D:6      | Found a runed translucent door.
 10210 | D:6      | Reached XP level 10. HP: 53/53 MP: 10/10
 10966 | D:7      | Found a blossoming altar of Fedhas.
 11040 | D:7      | Reached skill level 12 in Short Blades
 12052 | D:8      | Reached * piety under Kikubaaqudgha
 12052 | D:8      | Received a gift from Kikubaaqudgha
 12062 | D:8      | Noticed a cyclops
 12065 | D:8      | Reached skill level 5 in Necromancy
 12147 | D:8      | Reached skill level 1 in Evocations
 12293 | D:8      | Reached skill level 13 in Short Blades
 12350 | D:8      | Noticed a two-headed ogre
 12418 | D:8      | Killed a two-headed ogre
 12593 | D:8      | Reached XP level 11. HP: 55/57 MP: 11/11
 12677 | D:9      | Noticed Maggie
 12697 | D:9      | Killed Maggie
 13133 | D:10     | Entered Level 10 of the Dungeon
 13136 | D:9      | Found a staircase to the Lair.
 13140 | Lair:1   | Entered Level 1 of the Lair of Beasts
 13171 | D:9      | Reached skill level 14 in Short Blades
 13175 | D:9      | Reached ** piety under Kikubaaqudgha
 13973 | Lair:1   | Reached skill level 5 in Evocations
 14106 | Lair:1   | Noticed a six-headed hydra
 14290 | Lair:1   | HP: 4/85 [komodo dragon (23)]
 14291 | Lair:1   | Slain by a six-headed hydra

Illustrated notes

Levels and vault maps discovered:
D:1:      erik_arrival_orb_chamber, layout_basic, serial_shops,
          nicolae_shop_behind_doors, shop, shop, nicolae_lakefront_shop, shop,
          minmay_misc_feat_chi, minmay_misc_feat_doors
D:2:      kennysheep_the_goblin_king, layout_loops_cross, serial_shops,
          nicolae_shop_advertising_works [nicolae_subvault_shop_adworks],
          ebering_ecumenical_altar_box
D:3:      layout_basic, serial_bayou_lagoon_a, nicolae_figureground_sparkle
D:4:      cheibrodos_barr_body, layout_basic, serial_shops,
          kennysheep_mini_moat, minmay_shop_grid_forest, dreamdust_wishing_well,
          grunt_ministairs_13, serial_bayou_crossing
D:5:      layout_rooms, nrook_mini_backslash, minmay_circle_x
D:6:      layout_basic, minmay_temple_entry_antechambers, ebering_ghost_sewer_f,
          nicolae_ossuary_entry_plus
D:7:      layout_loops_corners, mainiacjoe_overflow_brackets, kennysheep_potato
D:8:      layout_loops_ring
D:9:      layout_basic, lair_entry_dummy, chequers_serial_rivers_micro_b,
          uniq_maggie
D:10:     layout_roguey
Temple:   nicolae_temple_the_god_donut
Lair:1:   layout_big_grid

Skill      XL: |  1  2  3  4  5  6  7  8  9 10 11 |
---------------+----------------------------------+-----
Short Blades   | 3 4 5 6 8 11 13 14 | 14.0
Throwing       | 3 4 5 6 7 9 10 11 | 11.9
Necromancy     | 3 5 6 |  6.8
Evocations     | 2 5 |  5.6
Fighting       | |  2.1
Dodging        | |  1.2
Stealth        | |  5.3

Action                   |  1- 3 |  4- 6 |  7- 9 | 10-12 || total
-------------------------+-------+-------+-------+-------++-------
Melee: Dagger            |    66 |   234 |   149 |       ||   449
       Punch             |       |     1 |     6 |     6 ||    13
       Rapier            |       |       |   118 |   207 ||   325
Throw: Stone             |    16 |    80 |   137 |    14 ||   247
       Dart              |       |     8 |    32 |    28 ||    68
       Throwing net      |       |       |     1 |       ||     1
 Cast: Animate Skeleton  |       |       |       |     7 ||     7
Evoke: Wand              |       |       |       |     1 ||     1
  Use: Scroll            |       |     9 |     6 |     3 ||    18
       Potion            |       |       |     4 |     5 ||     9
 Stab: Sleeping          |     9 |    20 |     6 |    14 ||    49
       Distracted        |       |     2 |       |     1 ||     3
Armor: Ring mail         |    13 |    88 |    80 |    13 ||   194
       Robe              |     1 |       |       |       ||     1
       Skin              |       |       |       |    19 ||    19
       Swamp dragon scal |       |       |       |    15 ||    15
Dodge: Dodged            |    31 |   133 |   116 |    79 ||   359
Block: Other             |       |       |     5 |    29 ||    34

Table legend: (Time is in decaauts)
 A = Elapsed time spent in this place.
 B = Non-inter-level travel time spent in this place.
 C = Inter-level travel time spent in this place.
 D = Time resting spent in this place.
 E = Time spent auto-exploring this place.
 F = Levels seen in this place.
 G = Mean time per level.
                   A        B        C        D        E       F      G
               +--------+--------+--------+--------+--------+-----+--------+
         Total |  14003 |  13454 |    549 |   2635 |   7403 |  13 | 1077.2 |
       Dungeon |  12940 |  12391 |    549 |   2496 |   6964 |  10 | 1294.0 |
        Temple |    309 |    309 |      0 |      0 |    272 |   1 |  309.0 |
          Lair |    351 |    351 |      0 |     67 |     95 |   1 |  351.0 |
       Ossuary |    401 |    401 |      0 |     72 |     72 |   1 |  401.0 |
               +--------+--------+--------+--------+--------+-----+--------+

Top non-repeatable levels by time:
     D:4: 2781 daAuts
     D:5: 1582 daAuts
     D:2: 1470 daAuts
     D:3: 1441 daAuts
     D:7: 1387 daAuts
     D:6: 1308 daAuts
     D:9: 1206 daAuts
     D:1: 960 daAuts
     D:8: 786 daAuts
 Ossuary: 401 daAuts
  Lair:1: 351 daAuts
  Temple: 309 daAuts
    D:10: 15 daAuts
